 Dungeon Crawl Stone Soup version 0.22.0-38-g04b72b8 (webtiles) character file.

528 torrenera the Ruffian (level 7, 0/59 HPs)
             Began as a Troll Earth Elementalist on Aug 31, 2018.
             Was a Follower of Okawaru.
             Slain by Sigmund
             ... wielding a +3 scythe
              (12 damage)
             ... on level 6 of the Dungeon.
             The game lasted 00:06:26 (3378 turns).

torrenera the Ruffian (Troll Earth Elementalist)    Turns: 3378, Time: 00:06:27

Health: 0/59       AC:  5    Str: 17    XL:     7   Next: 3%
Magic:  6/7        EV: 10    Int: 13    God:    Okawaru [*.....]
Gold:   286        SH:  0    Dex: 10    Spells: 7/8 levels left

rFire    . . .     SeeInvis .     - Unarmed
rCold    . . .     Gourm    +   (no shield)
rNeg     . . .     Faith    .   c - +0 robe
rPois    .         Spirit   .   (helmet restricted)
rElec    .         Reflect  .   (no cloak)
rCorr    .         Harm     .   (gloves unavailable)
MR       .....                  (boots unavailable)
Stlth    +.........             (no amulet)
HPRegen  0.59/turn              (no ring)
MPRegen  0.10/turn              (no ring)

@: no status effects
A: large, unfitting armour, claws 3, fast metabolism 3, gourmand, regeneration
1, shaggy fur 1, tough skin 2
a: Heroism, Renounce Religion


You were on level 6 of the Dungeon.
You worshipped Okawaru.
Okawaru was aware of your devotion.
You were very full.

You visited 1 branch of the dungeon, and saw 6 of its levels.

You collected 286 gold pieces.

Inventory:

Missiles
 b - 199 stones
 j - 5 javelins
 C - 6 large rocks (quivered)
Armour
 c - a +0 robe (worn)
Jewellery
 p - a cursed ring of teleportation {unknown}
 q - an uncursed ring of protection from fire {unknown}
 r - an uncursed ring of stealth {unknown}
 s - a +4 amulet of reflection {unknown}
 z - a cursed ring of teleportation {unknown}
Scrolls
 h - 2 scrolls of teleportation {unknown}
 i - a scroll of amnesia {unknown}
 k - 4 scrolls of remove curse {unknown}
 l - 5 scrolls of identify {unknown}
 o - a scroll of enchant armour {unknown}
 t - 5 scrolls of fog {unknown}
 u - a scroll of magic mapping {unknown}
 y - a scroll of immolation {unknown}
 A - a scroll of noise {unknown}
 D - a scroll of blinking {unknown}
Potions
 a - a potion of invisibility {unknown}
 e - a potion of cancellation {unknown}
 f - 3 potions of curing
 g - 2 potions of haste {unknown}
 m - a potion of degeneration {unknown}
 n - 2 potions of lignification {unknown}
 v - 3 potions of flight {unknown}
 w - 2 potions of ambrosia {unknown}
 x - 2 potions of mutation {unknown}
 B - a potion of heal wounds {unknown}
 E - a potion of magic {unknown}
Comestibles
 d - 10 rations


   Skills:
 - Level 1.5 Dodging
 - Level 1.0 Stealth
 + Level 6.7 Unarmed Combat
 - Level 1.2 Spellcasting
   Level 0.6 Transmutations
 - Level 3.6 Earth Magic


You had 7 spell levels left.
You knew the following spells:

 Your Spells              Type           Power        Failure   Level  Hunger
a - Sandblast             Erth           ##....       6%          1    ##.....

Your spell library contained the following spells:

 Spells                   Type           Power        Failure   Level  Hunger
 Passwall                 Tmut/Erth      #.......     17%         2    ###....
 Stone Arrow              Conj/Erth      #.....       36%         3    ####...
 Petrify                  Tmut/Erth      #.......     75%         4    #####..
 Lee's Rapid Deconstruct  Erth           ##........   86%         5    ######.


Dungeon Overview and Level Annotations

Branches:
Dungeon (6/15)
 Temple: D:4-7

Altars:
Ashenzari
Fedhas
Gozag
Hepliaklqana
Okawaru
Uskayaw
Vehumet
Yredelemnul

Annotations:
D:6 Sigmund


Innate Abilities, Weirdness & Mutations

You are too large for most types of armour.
You have claws for hands.
Your metabolism is lightning-fast.
You like to eat raw meat.
Your natural rate of healing is unusually fast.
You are covered in fur. (AC +1)
You have very tough skin. (AC +2)


Message History

Sigmund is lightly wounded.
Sigmund closely misses you. The orc hits you but does no damage.
You closely miss Sigmund.
Sigmund is lightly wounded.
The orc hits you with a dagger.
You scratch Sigmund.
Sigmund is lightly wounded.
Sigmund hits you with an enchanted scythe!
* * * LOW HITPOINT WARNING * * *
You closely miss Sigmund.
Sigmund is lightly wounded.
The orc hits you with a dagger.
* * * LOW HITPOINT WARNING * * *
Sigmund barely misses you.
You scratch Sigmund.
Sigmund is moderately wounded.
The orc barely misses you.
You feel better. The orc hits you but does no damage.
Sigmund hits you with an enchanted scythe!
You die...

#......... #.#
#........ #..
#####....... # ##.
....#...... #. #.
.......... #.###
.........# ... #....
#.....# ...##....
#...o.# #.......
#...@.# #.......
##..@#### #.......
#......# #.......
#....<.# #.......
#......# ###.......
##.....####.........
#............#...♣...
#.#########.....♣(♣..
... #....♣.♣.♣.


You could see Sigmund and an orc.

Vanquished Creatures
  An ogre (D:5)
  A centaur (D:5)
  Blork the orc (D:5)
  A howler monkey (D:5)
  An orc wizard (D:3)
  2 worker ants (D:4)
  A hound skeleton (D:4)
  A worker ant zombie (D:5)
  2 adders
  An ooze (D:2)
  2 worms
  2 dart slugs
  3 leopard geckos
  17 orcs
  A ball python (D:4)
  5 bats
  6 giant cockroaches
  5 goblins
  10 hobgoblins
  13 jackals
  A quokka (D:2)
  5 frilled lizards
  12 kobolds
  11 rats
105 creatures vanquished.

Notes
Turn   | Place    | Note
-------+----------+-------------------------------------------
     0 | D:1      | torrenera the Troll Earth Elementalist began the quest for the Orb.
     0 | D:1      | Reached XP level 1. HP: 16/16 MP: 1/1
   175 | D:1      | Reached XP level 2. HP: 20/24 MP: 2/2
   246 | D:1      | Reached skill level 1 in Unarmed Combat
   625 | D:1      | Reached XP level 3. HP: 31/31 MP: 3/3
   675 | D:2      | Found a radiant altar of Vehumet.
   829 | D:2      | Found an iron altar of Okawaru.
   839 | D:2      | Became a worshipper of Warmaster Okawaru
   978 | D:2      | Reached skill level 2 in Unarmed Combat
  1090 | D:2      | Reached XP level 4. HP: 39/39 MP: 4/4
  1287 | D:2      | Found a hide-covered altar of Uskayaw.
  1569 | D:3      | Found a blossoming altar of Fedhas.
  1585 | D:3      | Found a hazy altar of Hepliaklqana.
  1686 | D:3      | Reached skill level 3 in Unarmed Combat
  1849 | D:3      | Reached XP level 5. HP: 45/45 MP: 5/5
  2142 | D:4      | Reached skill level 4 in Unarmed Combat
  2371 | D:4      | Found a shattered altar of Ashenzari.
  2597 | D:4      | Found a basalt altar of Yredelemnul.
  2628 | D:5      | Entered Level 5 of the Dungeon
  2636 | D:5      | Noticed an ogre
  2689 | D:5      | Killed an ogre
  2689 | D:5      | Reached * piety under Okawaru
  2689 | D:5      | Reached skill level 5 in Unarmed Combat
  2689 | D:5      | Reached XP level 6. HP: 53/53 MP: 6/6
  2906 | D:5      | Noticed Blork the orc
  2915 | D:5      | Killed Blork the orc
  2915 | D:5      | Reached skill level 6 in Unarmed Combat
  2968 | D:5      | Reached XP level 7. HP: 19/59 MP: 7/7
  3306 | D:6      | Found an opulent altar of Gozag.
  3325 | D:6      | Found an iron altar of Okawaru.
  3337 | D:6      | Noticed Sigmund
  3378 | D:6      | Slain by Sigmund

Skill      XL: |  1  2  3  4  5  6 |
---------------+-------------------+-----
Earth Magic    | 3 |  3.6
Unarmed Combat | 1 2 3 5 6 |  6.7
Dodging        | |  1.5
Stealth        | |  1.0
Spellcasting   | |  1.2
Transmutations | |  0.6

Action                   |  1- 3 |  4- 6 |  7- 9 || total
-------------------------+-------+-------+-------++-------
Melee: Unarmed           |   150 |   172 |    16 ||   338
       Punch             |       |     1 |       ||     1
Throw: Stone             |       |     2 |       ||     2
       Large rock        |       |     3 |       ||     3
 Cast: Sandblast         |       |       |     1 ||     1
  Use: Potion            |       |       |     2 ||     2
 Stab: Sleeping          |     1 |     1 |       ||     2
  Eat: Chunk             |    15 |    18 |     2 ||    35
Armor: Robe              |    70 |    60 |     6 ||   136
Dodge: Dodged            |    81 |    92 |     9 ||   182
